 Dungeon Crawl Stone Soup version 0.30-a0-857-gcaf70739d4 (webtiles) character file.

Game seed: 5969350048293349571

340 FexLirch the Ruffian (level 6, -1/56 HPs)
             Began as a Naga Wanderer on Mar 5, 2023.
             Slain by Crazy Yiuf
             ... wielding a +3 quarterstaff of chaos
              (5 damage)
             ... on level 3 of the Dungeon.
             The game lasted 00:07:36 (2865 turns).

FexLirch the Ruffian (Naga Wanderer)                Turns: 2865, Time: 00:07:36

Health: -1/56      AC:  5    Str: 19    XL:     6   Next: 56%
Magic:  5/9        EV:  9    Int: 16    God:
Gold:   59         SH:  0    Dex: 10    Spells: 3/9 levels left

rFire   . . .      SeeInvis +      - Unarmed
rCold   . . .      Faith    .    (no shield)
rNeg    . . .      Spirit   .    f - +0 leather armour
rPois   +          Reflect  .    k - +1 helmet
rElec   .          Rampage  .    (no cloak)
rCorr   .                        (no gloves)
Will    .....                    (no barding)
Stlth   ++                       (no amulet)
HPRegen 0.29/turn                h - +6 ring of intelligence
MPRegen 0.11/turn                p - ring of wizardry

@: short of breath, very slightly contaminated, very slow
A: AC +2, large, see invisible, deformed body, poison resistance, slowness 2,
spit poison 1, naga tail 1
a: Spit Poison


You were on level 3 of the Dungeon.
You visited 1 branch of the dungeon, and saw 3 of its levels.

You collected 111 gold pieces.
You spent 52 gold pieces at shops.

Inventory:

Hand Weapons
 a - a +0 club
 t - a +1 dagger of venom
Missiles
 e - 16 stones
 l - 3 silver javelins
 A - 5 poisoned darts
Armour
 d - a +0 helmet
 f - a +0 leather armour (worn)
 k - a +1 helmet (worn)
Magical Staves
 r - a staff of death
 x - a staff of earth
Jewellery
 h - a +6 ring of intelligence (left hand)
 p - a ring of wizardry (right hand)
 u - an amulet of magic regeneration
Scrolls
 b - a scroll of blinking
 c - a scroll of summoning {unknown}
 i - a scroll of poison {unknown}
 j - 5 scrolls of identify {unknown}
 m - 4 scrolls of fog {unknown}
 n - a scroll of fear {unknown}
 w - a scroll of teleportation {unknown}
 y - a scroll of immolation {unknown}
 C - a scroll of magic mapping {unknown}
Potions
 g - a potion of haste
 o - 2 potions of curing {unknown}
 q - a potion of might
 s - a potion of brilliance {unknown}
 v - a potion of berserk rage {unknown}
 z - a potion of attraction {unknown}
 B - a potion of cancellation {unknown}


   Skills:
 - Level 3.1 Fighting
 - Level 1.0 Throwing
 - Level 1.0 Armour
 - Level 3.2 Stealth
 - Level 5.0 Unarmed Combat
 + Level 2.2 Spellcasting
 + Level 2.1 Conjurations
 + Level 2.6 Transmutations
 + Level 2.1 Fire Magic


You had 3 spell levels left.
You knew the following spells:

 Your Spells              Type           Power      Damage    Failure   Level
a - Scorch                Fire           16%        2d5       6%          2
b - Flame Wave            Conj/Fire      8%         2d5       36%         4

Your spell library contained the following spells:

 Spells                   Type           Power      Damage    Failure   Level
 Necrotise                Necr           4%         1d4       10%         1
 Sublimation of Blood     Necr           1%         N/A       16%         2
 Vampiric Draining        Necr           1%         2d6       28%         3
 Petrify                  Tmut/Erth      5%         N/A       45%         4
 Irradiate                Conj/Tmut      4%         3d13      65%         5
 Agony                    Necr           1%         N/A       92%         5
 Summon Cactus Giant      Summ           0%         N/A       100%        6


Dungeon Overview and Level Annotations

Branches:
Dungeon (3/15)

Altars:

Shops:
D:1 !

Annotations:
D:3 Crazy Yiuf


Innate Abilities, Weirdness & Mutations

Your serpentine skin is tough. (AC +2)
You have supernaturally acute eyesight. (SInv)
Armour fits poorly on your strangely shaped body.
Your system is resistant to poisons. (rPois)
You cover ground very slowly.
You can spit poison.
You have a snake-like lower body.


Message History

a +0 dagger; a kobold corpse
j - 5 scrolls labelled MIORUGA VOPIU (gained 1)
Found a stone staircase leading down.
B - a glowing sapphire potion You now have 55 gold pieces (gained 6).
m - 4 scrolls labelled DOTAOS TUONN (gained 1)
You now have 59 gold pieces (gained 4).
There is an escape hatch in the floor here.
C - a scroll labelled ZEIRGHOENUI You see here a +0 war axe.
There is a stone staircase leading down here.
You see here a +0 hand axe.
There is an open door here.
Crazy Yiuf shouts!
Could not explore, unopened runed door.
You open the door.
Aiming: Spit Poison (1% risk of failure)
Press: ? - help, Shift-Dir - straight line, f - Crazy Yiuf
Aim: Crazy Yiuf, wielding a +3 quarterstaff of chaos and wearing a +0 cloak (65% to hit)
The splash of poison hits Crazy Yiuf.
Crazy Yiuf is poisoned.
Crazy Yiuf is moderately wounded.
Crazy Yiuf hits you with a +3 quarterstaff of chaos!
Crazy Yiuf freezes you.
Casting: Scorch (safe; 6% risk of failure)
Confirm with . or Enter, or press ? or * to list all spells.
You miscast Scorch.
You are very lightly contaminated with residual magic.
Nothing appears to happen.
Crazy Yiuf hits you with a +3 quarterstaff of chaos!
Space warps horribly around you!!
* * * LOW HITPOINT WARNING * * *
Casting: Scorch (safe; 6% risk of failure)
Confirm with . or Enter, or press ? or * to list all spells.
Flames lash Crazy Yiuf.
Crazy Yiuf is almost dead.
Crazy Yiuf's fire resistance burns away.
Crazy Yiuf hits you with a +3 quarterstaff of chaos!
* * * LOW HITPOINT WARNING * * *
Crazy Yiuf burns you.
You die...

#######
#.....#
#.....#
#####
#.....######
#..)#
#..........#
#...#
#..........#
...
###........#
#g#
...........#
♣♣@♣
###........#
♣.♣♣ #.#
#........#
♣♣.♣ #.#
#........#
♣.♣♣ #.#
###....###
♣♣.♣♣ #.#
#####...)#
♣...♣♣ #.#
........>###
♣....♣ #.#
#..........#
#....# #^#
#..........#
##..## #.#


You could see Crazy Yiuf (poisoned, combustible).

Vanquished Creatures
  Grinder (D:3)
  4 adders
  An ufetubus (D:3)
  A worm (D:3)
  4 dart slugs
  3 orcs (D:3)
  5 bats
  6 endoplasms
  6 giant cockroaches (D:1)
  5 goblins
  7 hobgoblins
  9 jackals
  3 quokkas
  6 ball pythons
  5 frilled lizards
  3 kobolds
  5 rats
74 creatures vanquished.

Notes
Turn   | Place    | Note
-------+----------+-------------------------------------------
     0 | D:1      | FexLirch the Naga Wanderer began the quest for the Orb.
     0 | D:1      | FexLirch set off with the following items: a +0 club, a
                  | scroll of blinking, a potion of lignification, a +0 helmet,
                  | a potion of heal wounds, a +0 leather armour, a potion of
                  | haste.
     0 | D:1      | Reached XP level 1. HP: 21/21 MP: 1/1
    93 | D:1      | Reached XP level 2. HP: 25/28 MP: 2/2
   148 | D:1      | HP: 1/28 [jackal (1)]
   442 | D:1      | Reached XP level 3. HP: 34/34 MP: 3/3
   793 | D:1      | Learned a level 2 spell: Scorch
   901 | D:1      | Found Cida's Distillery.
   925 | D:1      | Bought a potion of might for 52 gold pieces
  1225 | D:2      | Reached XP level 4. HP: 41/42 MP: 0/4
  1287 | D:2      | Reached skill level 1 in Transmutations
  1970 | D:3      | Reached skill level 1 in Spellcasting
  2017 | D:3      | Reached skill level 5 in Unarmed Combat
  2166 | D:3      | Reached XP level 5. HP: 46/49 MP: 3/6
  2237 | D:3      | Found a runed translucent door.
  2238 | D:3      | Noticed Crazy Yiuf
  2435 | D:3      | Learned a level 4 spell: Flame Wave
  2534 | D:3      | Noticed Grinder
  2560 | D:3      | Killed Grinder
  2561 | D:3      | Reached XP level 6. HP: 16/56 MP: 0/9
  2865 | D:3      | Slain by Crazy Yiuf

Illustrated notes

Levels and vault maps discovered:
D:1:      ncdulo_watergridlock, layout_basic, serial_shops,
          nicolae_shop_hallway_stairs, minmay_worlds_worst_comb
D:2:      layout_basic, serial_bayou_crossing
D:3:      layout_basic, mrwooster_statue_mirror, uniq_grinder,
          uniq_crazy_yiuf_cottage

Skill      XL: |  1  2  3  4  5 |
---------------+----------------+-----
Stealth        | 2 3 |  3.2
Transmutations | 1 2 |  2.6
Spellcasting   | 1 2 |  2.2
Unarmed Combat | 5 |  5.0
Conjurations   | 2 |  2.1
Fire Magic     | 2 |  2.1
Fighting       | |  3.1
Throwing       | |  1.0
Armour         | |  1.0

Action                     |  1- 3 |  4- 6 || total
---------------------------+-------+-------++-------
  Melee: Club              |    89 |       ||    89
         Punch             |     5 |     1 ||     6
         Unarmed           |    36 |    68 ||   104
   Cast: Scorch            |     2 |    24 ||    26
Ability: Spit Poison       |     2 |    17 ||    19
    Use: Potion            |     2 |     1 ||     3
   Stab: Sleeping          |     2 |     1 ||     3
 Armour: Leather armour    |    64 |    30 ||    94
         Skin              |    81 |       ||    81
  Dodge: Dodged            |    98 |    30 ||   128

Table legend: (Time is in decaauts)
 A = Elapsed time spent in this place.
 B = Non-inter-level travel time spent in this place.
 C = Inter-level travel time spent in this place.
 D = Time resting spent in this place.
 E = Time spent auto-exploring this place.
 F = Levels seen in this place.
 G = Mean time per level.
                   A        B        C        D        E       F      G
               +--------+--------+--------+--------+--------+-----+--------+
         Total |   3567 |   3498 |     69 |     58 |   2802 |   3 | 1189.0 |
       Dungeon |   3567 |   3498 |     69 |     58 |   2802 |   3 | 1189.0 |
               +--------+--------+--------+--------+--------+-----+--------+

Top non-repeatable levels by time:
     D:1: 1445 daAuts
     D:3: 1236 daAuts
     D:2: 886 daAuts
